 Dungeon Crawl Stone Soup version 0.30-a0-23-ge60ba3568b (webtiles) character file.

Game seed: 8716638947295048417

1173 AttackTheMoon the Poker (level 8, -2/64 HPs)
             Began as a Merfolk Abyssal Knight on Aug 24, 2022.
             Was a Priest of Lugonu.
             Slain by a killer bee (6 damage)
             ... on level 7 of the Dungeon.
             The game lasted 00:06:37 (6374 turns).

AttackTheMoon the Poker (Merfolk Abyssal Knight)    Turns: 6374, Time: 00:06:37

Health: -2/64      AC:  4    Str: 15    XL:     8   Next: 41%
Magic:  12/12      EV: 14    Int: 10    God:    Lugonu [***...]
Gold:   359        SH:  0    Dex: 14    Spells: 7/7 levels left

rFire   . . .      SeeInvis .    a - +5 spear (vorpal)
rCold   . . .      Faith    .    (no shield)
rNeg    . . .      Spirit   .    j - +0 leather armour {rPois}
rPois   +          Reflect  .    (no helmet)
rElec   .          Harm     .    (no cloak)
rCorr   .          Rampage  .    (no gloves)
Will    +....                    h - +0 pair of boots
Stlth   +.........               (no amulet)
HPRegen 0.20/turn                g - ring of willpower
MPRegen 0.13/turn                (no ring)

@: mighty
A: (nimble swimmer 2), mertail
a: Renounce Religion, Depart the Abyss, Bend Space, Banish


You were on level 7 of the Dungeon.
You worshipped Lugonu.
Lugonu was most pleased with you.
You visited 1 branch of the dungeon, and saw 7 of its levels.
You visited the Abyss 1 time.

You collected 359 gold pieces.

Inventory:

Hand Weapons
 a - a +5 vorpal spear (weapon)
 m - the +4 dagger "Amerunod" {chaos, Will+ rCorr}
   (You found it on level 7 of the Dungeon)

   Each time it hits an enemy it has a different, random effect.
   rCorr:     It protects you from acid and corrosion.
   Will:      It increases your willpower.
 o - the +6 whip of Sunlight {venom, Will++ Str+2}
   (You found it on level 4 of the Dungeon)

   It poisons the flesh of those it strikes.
   Str:       It affects your strength (+2).
   Will:      It greatly increases your willpower.
Armour
 b - a +0 leather armour
 f - a +0 buckler
 h - a +0 pair of boots (worn)
 j - a +0 leather armour of poison resistance (worn)
Jewellery
 g - a ring of willpower (left hand)
Wands
 q - a wand of flame (18)
Scrolls
 e - 2 scrolls of teleportation
 p - a scroll of butterflies
 s - a scroll of identify
Potions
 c - 3 potions of curing
 i - a potion of berserk rage {unknown}
 k - a potion of brilliance {unknown}
 l - a potion of mutation {unknown}
 n - 2 potions of lignification {unknown}
 r - 2 potions of heal wounds {unknown}
 t - a potion of attraction {unknown}
 w - a potion of degeneration {unknown}


   Skills:
 + Level 6.3 Fighting
 + Level 6.8 Polearms
 - Level 0.6 Armour
 + Level 6.8 Dodging
 + Level 5.6 Invocations


You had 7 spell levels left.
You didn't know any spells.
Your spell library contained the following spells:

 Spells                   Type           Power      Damage    Failure   Level
 Shock                    Conj/Air       0%         1d3       43%         1
 Confusing Touch          Hex            0%         N/A       80%         3
 Portal Projectile        Hex/Tloc       0%         N/A       80%         3
 Swiftness                Air            0%         N/A       80%         3
 Tukima's Dance           Hex            0%         N/A       80%         3
 Airstrike                Air            0%         2d(0-16)  99%         4
 Animate Dead             Necr           0%         N/A       99%         4
 Summon Ice Beast         Ice/Summ       0%         N/A       99%         4
 Blade Hands              Tmut           0%         N/A       100%        5
 Summon Mana Viper        Hex/Summ       0%         N/A       100%        5
 Yara's Violent Unravell  Hex/Tmut       0%         3d3       100%        5
 Enfeeble                 Hex            0%         N/A       100%        7
 Haunt                    Necr/Summ      0%         N/A       100%        7
 Monstrous Menagerie      Summ           0%         N/A       100%        7
 Infestation              Necr           0%         N/A       100%        8


Dungeon Overview and Level Annotations

Branches:
Dungeon (7/15)             Temple (0/1) D:7

Altars:
Ashenzari


Innate Abilities, Weirdness & Mutations

((You are very nimble when in or above water. (Stealth+, EV+, Speed+++)))
Your lower body shifts to a powerful aquatic tail in water.


Message History

The killer bee completely misses you. x2; The killer bee stings you.
The killer bee closely misses you. The killer bee barely misses you.
You are too injured to fight recklessly!
You are too injured to fight recklessly!
You are too injured to fight recklessly!
You are too injured to fight recklessly!
You are too injured to fight recklessly!
You are too injured to fight recklessly!
You are too injured to fight recklessly!
You are too injured to fight recklessly!
You are too injured to fight recklessly!
You are too injured to fight recklessly!
You are too injured to fight recklessly!
You are too injured to fight recklessly!
You are too injured to fight recklessly!
You are too injured to fight recklessly!
You are too injured to fight recklessly!
You are too injured to fight recklessly!
You are too injured to fight recklessly!
You are too injured to fight recklessly!
You are too injured to fight recklessly!
You barely miss the killer bee.
The killer bee is heavily wounded.
The killer bee stings you. The killer bee closely misses you.
The killer bee misses you.
You puncture the killer bee!
You kill the killer bee!
Lugonu accepts your kill. The killer bee closely misses you.
The killer bee stings you.
* * * LOW HITPOINT WARNING * * *
The killer bee stings you.
* * * LOW HITPOINT WARNING * * *
The killer bee stings you!
* * * LOW HITPOINT WARNING * * *
The killer bee closely misses you.
You miss the killer bee.
The killer bee is severely wounded.
The killer bee closely misses you. The killer bee misses you.
The killer bee stings you.
You die...

###)..# ####....##
##...)..## ####
#######.......#
####..####.............#
##..........#############
...##...#####
###§#≈#≈##.y ######..##
####yy..>...y.# #...###
#..@y#§#≈#≈#### ##....#
#..y##########
########...###...# #..#
.................# ##.#
##########..##...# . #.#
##.##...##. #.# #..?...#.
#.##### ###..##..#
#.....# ##.##.## #####.#


You could see 4 killer bees.

Vanquished Creatures
  Eustachio (D:6)
  A water moccasin (D:6)
  A black bear (D:5)
  An ice beast (D:6)
  A sky beast (D:7)
  A phantom (D:4)
  A bullfrog (D:6)
  A killer bee (D:7)
  2 orc priests (D:7)
  2 jellies
  4 hounds
  3 iguanas
  2 orc wizards (D:7)
  4 adders
  2 white imps (D:6)
  2 dart slugs
  7 orcs
  5 endoplasms
  2 hobgoblins
  7 quokkas
  5 ball pythons
  A bat (D:1)
  3 frilled lizards
  2 goblins
  7 kobolds
  3 rats (D:1)
71 creatures vanquished.

Notes
Turn   | Place    | Note
-------+----------+-------------------------------------------
     0 | Abyss:1  | AttackTheMoon the Merfolk Abyssal Knight began the quest
                  | for the Orb.
     0 | Abyss:1  | Reached XP level 1. HP: 18/18 MP: 2/2
     1 | D:1      | Escaped the Abyss
   216 | D:1      | Reached XP level 2. HP: 22/24 MP: 3/3
  1416 | D:2      | Reached XP level 3. HP: 21/30 MP: 4/4
  1610 | D:2      | You fall into a shaft and drop 1 floor!
  2481 | D:4      | Found a broken altar of Ashenzari.
  2559 | D:4      | Reached XP level 4. HP: 30/37 MP: 4/6
  2651 | D:4      | Noticed a phantom
  2653 | D:4      | Reached *** piety under Lugonu
  2660 | D:4      | Killed a phantom
  2661 | D:4      | Reached XP level 5. HP: 42/42 MP: 7/7
  2783 | D:4      | Identified the +6 whip of Sunlight {venom, Will++ Str+2}
  3156 | D:5      | Entered Level 5 of the Dungeon
  3561 | D:5      | Noticed a black bear
  3569 | D:5      | Killed a black bear
  3570 | D:5      | Reached XP level 6. HP: 43/50 MP: 5/8
  4107 | D:6      | Reached skill level 5 in Polearms
  4334 | D:6      | Reached skill level 5 in Dodging
  4383 | D:6      | Noticed an ice beast
  4392 | D:6      | Killed an ice beast
  4393 | D:6      | Reached skill level 5 in Fighting
  4393 | D:6      | Reached XP level 7. HP: 26/56 MP: 10/10
  4640 | D:6      | Noticed Eustachio
  4694 | D:6      | Killed Eustachio
  5259 | D:6      | Reached skill level 5 in Invocations
  5259 | D:6      | Reached XP level 8. HP: 58/64 MP: 11/11
  5955 | D:7      | Identified the +4 dagger "Amerunod" {chaos, Will+ rCorr}
  6350 | D:7      | Found a staircase to the Ecumenical Temple.
  6374 | D:7      | Slain by a killer bee

Illustrated notes

Levels and vault maps discovered:
D:1:      dpeg_arrival_windows_large_door, layout_basic
D:2:      layout_basic, shapermc_ecumenical_altar_mp_highgroup,
          amethyst_killhole
D:3:      layout_loops_cross
D:4:      layout_gridville, nicolae_ashenzari_panopticon, serial_park_tiny_pond
D:5:      layout_basic
D:6:      layout_basic, uniq_eustachio
D:7:      layout_rooms, minmay_temple_entry_metal_lava

Skill      XL: |  1  2  3  4  5  6  7  8 |
---------------+-------------------------+-----
Polearms       | 3 4 5 6 |  6.8
Dodging        | 3 4 5 6 |  6.8
Fighting       | 4 5 6 |  6.3
Invocations    | 3 4 5 |  5.6
Armour         | |  0.6

Action                   |  1- 3 |  4- 6 |  7- 9 || total
-------------------------+-------+-------+-------++-------
Melee: Spear             |   125 |    40 |   124 ||   289
       Punch             |     1 |     1 |     1 ||     3
       Whip              |       |    23 |       ||    23
Invok: Bend Space        |       |     2 |     1 ||     3
  Use: Scroll            |     8 |     5 |     3 ||    16
       Potion            |       |     1 |     5 ||     6
 Stab: Sleeping          |     2 |       |     1 ||     3
       Distracted        |       |     1 |       ||     1
Armor: Leather armour    |    14 |    13 |    19 ||    46
Dodge: Dodged            |    49 |    29 |    92 ||   170

Table legend: (Time is in decaauts)
 A = Elapsed time spent in this place.
 B = Non-inter-level travel time spent in this place.
 C = Inter-level travel time spent in this place.
 D = Time resting spent in this place.
 E = Time spent auto-exploring this place.
 F = Levels seen in this place.
 G = Mean time per level.
                   A        B        C        D        E       F      G
               +--------+--------+--------+--------+--------+-----+--------+
         Total |   6336 |   6220 |    116 |    100 |   5466 |   8 |  792.0 |
       Dungeon |   6335 |   6219 |    116 |    100 |   5466 |   7 |  905.0 |
         Abyss |      1 |      1 |      0 |      0 |      0 |   1 |    1.0 |
               +--------+--------+--------+--------+--------+-----+--------+

Top non-repeatable levels by time:
     D:6: 1693 daAuts
     D:1: 1250 daAuts
     D:4: 1001 daAuts
     D:5: 942 daAuts
     D:7: 555 daAuts
     D:3: 538 daAuts
     D:2: 353 daAuts
 Abyss:1: 1 daAuts
